 Dungeon Crawl Stone Soup version 0.29-a0-557-g43b9904bd1 (webtiles) character file.

Game seed: 11464452650198796958

59 kae the Firebug (level 3, 0/19 HPs)
             Began as a Deep Elf Fire Elementalist on June 8, 2022.
             Succumbed to an orc wizard's poison
             ... on level 2 of the Dungeon.
             The game lasted 00:00:53 (1775 turns).

kae the Firebug (Deep Elf Fire Elementalist)        Turns: 1775, Time: 00:00:53

Health: 0/19       AC:  3    Str:  5    XL:     3   Next: 78%
Magic:  3/10       EV: 12    Int: 21    God:
Gold:   137        SH:  0    Dex: 15    Spells: 6/9 levels left

rFire   . . .      SeeInvis .   (no weapon)
rCold   . . .      Faith    .   (no shield)
rNeg    . . .      Spirit   .   a - +0 robe
rPois   .          Reflect  .   (no helmet)
rElec   .          Harm     .   (no cloak)
rCorr   .          Rampage  .   (no gloves)
Will    .....                   i - +0 pair of boots
Stlth   ++........              (no amulet)
HPRegen 0.06/turn               (no ring)
MPRegen 0.12/turn               (no ring)

@: lethally poisoned (0 -> -8)
A: no striking features
a: no special abilities


You were on level 2 of the Dungeon.
You visited 1 branch of the dungeon, and saw 2 of its levels.

You collected 137 gold pieces.

Inventory:

Armour
 a - a +0 robe (worn)
 i - a +0 pair of boots (worn)
 j - an orb of energy
Jewellery
 e - a ring of ice
 g - a ring of flight
Scrolls
 h - a scroll of fog {unknown}
 k - a scroll of poison {unknown}
 l - a scroll of enchant armour {unknown}
 m - a scroll of magic mapping {unknown}
 n - a scroll of identify {unknown}
Potions
 b - a potion of magic
 c - a potion of attraction {unknown}
 d - 2 potions of mutation {unknown}
 f - a potion of flight {unknown}


   Skills:
 - Level 2.4 Dodging
 - Level 2.4 Stealth
 + Level 3.5 Spellcasting
 * Level 2.5 Conjurations
 * Level 4.1 Fire Magic
 + Level 0.9 Evocations


You had 6 spell levels left.
You knew the following spells:

 Your Spells              Type           Power      Damage    Failure   Level
a - Foxfire               Conj/Fire      68%        2x1d7     3%          1
b - Scorch                Fire           42%        2d7       3%          2

Your spell library contained the following spells:

 Spells                   Type           Power      Damage    Failure   Level
 Conjure Flame            Conj/Fire      17%        6-21      10%         3
 Inner Flame              Hex/Fire       12%        N/A       16%         3
 Flame Wave               Conj/Fire      17%        2d6       30%         4


Dungeon Overview and Level Annotations

Branches:
Dungeon (2/15)

Altars:


Message History

You conjure some foxfire!
The kobold hits you with a +0 club.
The foxfire hits the kobold.
You kill the kobold!
Casting: Foxfire (safe; 3% risk of failure)
Confirm with . or Enter, or press ? or * to list all spells.
You conjure some foxfire!
A kobold comes into view. It is wielding a +0 dagger.
The foxfire hits the orc wizard but does no damage.
The foxfire hits the orc wizard.
The orc wizard is moderately wounded.
A ball python comes into view.
The orc wizard gestures at you while chanting.
The magic dart hits you!
Casting: Foxfire (safe; 3% risk of failure)
Confirm with . or Enter, or press ? or * to list all spells.
You conjure some foxfire!
The ball python hisses angrily.
The orc wizard mumbles some strange words.
The orc wizard flickers and vanishes!
Deactivating autopickup; reactivate with Ctrl-A.
The foxfire hits something. x2
A kobold comes into view. It is wielding a +0 short sword.
You hear some strange, mumbled words.
Something tries to affect you, but you resist.
Casting: Foxfire (safe; 3% risk of failure)
Confirm with . or Enter, or press ? or * to list all spells.
Flames lash the kobold.
You kill the kobold!
Something hits you.
Casting: Scorch (safe; 3% risk of failure)
Confirm with . or Enter, or press ? or * to list all spells.
You conjure some foxfire!
Something hits you.
You are lethally poisoned!
* * * LOW HITPOINT WARNING * * *
You feel sick.
The foxfire hits something.
Something hits you.
* * * LOW HITPOINT WARNING * * *
Casting: Foxfire (safe; 3% risk of failure)
Confirm with . or Enter, or press ? or * to list all spells.
You conjure some foxfire!
You die...

#.#######..........###(##
#.######.....##....###.##
#>.......................
########.....##....######
########..........
#....###### ..
###......## ....#####
#........ ...oSS)@#
#......##
..KK###v########......#.
. #)#.............#.
#.#.######......#. #†#
#####......#. #.#
#.|......#..) #.#
#.#########.[ #.# #.#
....... #.# #.# #####..


You could see an orc, 2 ball pythons and 2 kobolds.

Vanquished Creatures
  3 adders (D:2)
  An orc (D:2)
  3 bats
  A giant cockroach (D:2)
  3 goblins
  2 hobgoblins (D:1)
  3 jackals (D:2)
  5 kobolds
  2 quokkas (D:1)
  A ball python (D:2)
  2 frilled lizards (D:1)
  5 rats
31 creatures vanquished.

Vanquished Creatures (collateral kills)
  A foxfire (D:2)
1 creature vanquished.

Vanquished Creatures (others)
  109 foxfires
  3 toadstools (D:2)
112 creatures vanquished.

Grand Total: 144 creatures vanquished

Notes
Turn   | Place    | Note
-------+----------+-------------------------------------------
     0 | D:1      | kae the Deep Elf Fire Elementalist began the quest for the
                  | Orb.
     0 | D:1      | Reached XP level 1. HP: 10/10 MP: 6/6
   277 | D:1      | Reached XP level 2. HP: 15/15 MP: 2/8
   371 | D:1      | Learned a level 2 spell: Scorch
   453 | D:1      | Found a faded altar of an unknown god.
  1373 | D:2      | Reached XP level 3. HP: 12/19 MP: 4/9
  1500 | D:2      | Reached skill level 4 in Fire Magic
  1775 | D:2      | Succumbed to an orc wizard's poison

Illustrated notes

Levels and vault maps discovered:
D:1:      psy_arrival_radial01, layout_basic,
          shapermc_ecumenical_altar_mp_vishouse
D:2:      layout_basic, minmay_gold_behind_fungi, minmay_cupped

Skill      XL: |  1  2  3 |
---------------+----------+-----
Conjurations   | 2 |  2.5
Fire Magic     | 4 |  4.1
Dodging        | |  2.4
Stealth        | |  2.4
Spellcasting   | |  3.5
Evocations     | |  0.9

Action                   || total
-------------------------++-------
 Cast: Foxfire           ||    66
       Scorch            ||     1
Armor: Robe              ||     4
Dodge: Dodged            ||    14

Table legend: (Time is in decaauts)
 A = Elapsed time spent in this place.
 B = Non-inter-level travel time spent in this place.
 C = Inter-level travel time spent in this place.
 D = Time resting spent in this place.
 E = Time spent auto-exploring this place.
 F = Levels seen in this place.
 G = Mean time per level.
                   A        B        C        D        E       F      G
               +--------+--------+--------+--------+--------+-----+--------+
         Total |   1774 |   1664 |    110 |      0 |   1450 |   2 |  887.0 |
       Dungeon |   1774 |   1664 |    110 |      0 |   1450 |   2 |  887.0 |
               +--------+--------+--------+--------+--------+-----+--------+

Top non-repeatable levels by time:
     D:1: 1128 daAuts
     D:2: 646 daAuts
